 Dungeon Crawl Stone Soup version 0.28-a0-1524-ge72afd5fc6 (webtiles) character file.

Game seed: 529381772024559766

23 HallandMoats the Skirmisher (level 2, 0/24 HPs)
             Began as a Demonspawn Fighter on Jan 18, 2022.
             Succumbed to an adder's poison
             ... on level 2 of the Dungeon.
             The game lasted 00:00:42 (467 turns).

HallandMoats the Skirmisher (Demonspawn Fighter)     Turns: 467, Time: 00:00:43

Health: 0/24       AC:  6    Str: 16    XL:     2   Next: 75%
Magic:  2/2        EV:  9    Int:  9    God:
Gold:   24         SH:  8    Dex: 12    Spells: 1/1 levels left

rFire   . . .      SeeInvis .   a - +0 war axe
rCold   . . .      Faith    .   c - +0 buckler
rNeg    . . .      Spirit   .   b - +0 scale mail
rPois   .          Reflect  .   (no helmet)
rElec   .          Harm     .   (no cloak)
rCorr   .          Rampage  .   (no gloves)
Will    .....                   (no boots)
Stlth   ..........              (no amulet)
HPRegen 0.08/turn               (no ring)
MPRegen 0.08/turn               (no ring)

@: mighty, lethally poisoned (0 -> -3)
A: condensation shield
a: no special abilities


You were on level 2 of the Dungeon.
You visited 1 branch of the dungeon, and saw 2 of its levels.

You collected 24 gold pieces.

Inventory:

Hand Weapons
 a - a +0 war axe (weapon)
Armour
 b - a +0 scale mail (worn)
 c - a +0 buckler (worn)
Scrolls
 e - a scroll of magic mapping {unknown}
 f - a scroll of fog {unknown}
 g - a scroll of amnesia {unknown}
 h - a scroll of identify {unknown}
 i - a scroll of blinking {unknown}


   Skills:
 * Level 3.3 Fighting
 * Level 2.2 Axes
 + Level 2.8 Armour
 + Level 0.5 Dodging
 + Level 2.8 Shields


You had one spell level left.
You didn't know any spells.
Your spell library contained the following spells:

 Spells                   Type           Power      Damage    Failure   Level
 Tukima's Dance           Hex            0%         N/A       99%         3
 Anguish                  Hex/Necr       0%         N/A       100%        4
 Enfeeble                 Hex            0%         N/A       100%        7


Dungeon Overview and Level Annotations

Branches:
Dungeon (2/15)

Altars:


Innate Abilities, Weirdness & Mutations

A meltable shield of frost defends you. (SH +4)


Message History

You feel sick. You block the adder's attack. x2
You are too injured to fight recklessly!
You are too injured to fight recklessly!
You are too injured to fight recklessly!
You are too injured to fight recklessly!
You are too injured to fight recklessly!
You are too injured to fight recklessly!
You are too injured to fight recklessly!
You are too injured to fight recklessly!
You are too injured to fight recklessly!
An adder is nearby!
An adder is nearby!
You miss the adder.
The adder is heavily wounded.
You feel sick. The adder bites you but does no damage.
You hit the adder.
The adder is almost dead.
You feel sick. The adder completely misses you. You block the adder's attack.
You closely miss the adder.
The adder is almost dead.
You feel sick.
You are no longer poisoned.
The adder bites you but does no damage. The adder barely misses you.
You barely miss the adder.
The adder is almost dead.
The adder bites you.
* * * LOW HITPOINT WARNING * * *
You are lethally poisoned!
The adder poisons you! The adder closely misses you.
You barely miss the adder.
The adder is almost dead.
* * * LOW HITPOINT WARNING * * *
You feel very sick. You block the adder's attack.
The adder bites you but does no damage.
You feel very mighty all of a sudden.
* * * LOW HITPOINT WARNING * * *
You feel sick. The adder bites you but does no damage.
You barely miss the adder.
The adder is almost dead.
You die...

##..#.......#..#
...#..#.<..#..#
###.##.....##..#
#......#####...#
.#.............
#
.............#.
#......!.###...
........## ##
.......@#
.#.....S#
##...#.# ###....
#.... ......
#..... ..!...#


You could see an adder.

Vanquished Creatures
  An adder (D:2)
  An endoplasm (D:1)
  A giant cockroach (D:1)
  3 hobgoblins
  A quokka (D:1)
  4 ball pythons (D:1)
  A bat (D:1)
  3 rats (D:1)
15 creatures vanquished.

Notes
Turn   | Place    | Note
-------+----------+-------------------------------------------
     0 | D:1      | HallandMoats the Demonspawn Fighter began the quest for the
                  | Orb.
     0 | D:1      | Reached XP level 1. HP: 18/18 MP: 1/1
   329 | D:1      | Gained mutation: A meltable shield of frost defends you.
                  | (SH +4) [demonic ancestry]
   329 | D:1      | Reached XP level 2. HP: 24/24 MP: 2/2
   421 | D:2      | Found a faded altar of an unknown god.
   466 | D:2      | HP: 1/24 [poisoned by an adder]
   467 | D:2      | Succumbed to an adder's poison

Illustrated notes

Levels and vault maps discovered:
D:1:      minmay_arrival_loop, layout_rooms, dk_noncrumbling_4, fountainhead
D:2:      layout_loops_cross, nicolae_ecumenical_pavilion, grunt_ministairs_7,
          amcnicky_mini_rare_corridor_liquid, minmay_tromino_v4_c

Skill      XL: |  1 |
---------------+----+-----
Axes           | 2 |  2.2
Fighting       | |  3.3
Armour         | |  2.8
Dodging        | |  0.5
Shields        | |  2.8

Action                   || total
-------------------------++-------
Melee: War axe           ||    54
  Use: Potion            ||     1
Armor: Scale mail        ||    26
Dodge: Dodged            ||    30
Block: Buckler           ||    18

Table legend: (Time is in decaauts)
 A = Elapsed time spent in this place.
 B = Non-inter-level travel time spent in this place.
 C = Inter-level travel time spent in this place.
 D = Time resting spent in this place.
 E = Time spent auto-exploring this place.
 F = Levels seen in this place.
 G = Mean time per level.
                   A        B        C        D        E       F      G
               +--------+--------+--------+--------+--------+-----+--------+
         Total |    491 |    474 |     17 |      0 |    348 |   2 |  245.5 |
       Dungeon |    491 |    474 |     17 |      0 |    348 |   2 |  245.5 |
               +--------+--------+--------+--------+--------+-----+--------+

Top non-repeatable levels by time:
     D:1: 437 daAuts
     D:2: 53 daAuts
